 Dungeon Crawl Stone Soup version 0.30-a0-719-gcc4359ea44 (webtiles) character file.

Game seed: 8847690666482449429

8134 bmack86 the Cleaver (level 11, -3/95 HPs)
             Began as a Minotaur Fighter on Jan 27, 2023.
             Was a High Priest of Okawaru.
             Slain by a sun demon (18 damage)
             ... summoned by a kobold demonologist
             ... on level 9 of the Dungeon.
             The game lasted 00:18:26 (8387 turns).

bmack86 the Cleaver (Minotaur Fighter)              Turns: 8387, Time: 00:18:27

Health: -3/95      AC: 16    Str: 31    XL:     11   Next: 5%
Magic:  14/14      EV: 11    Int:  5    God:    Okawaru [*****.]
Gold:   469        SH: 10    Dex: 10    Spells: 10/10 levels left

rFire   . . .      SeeInvis .    a - +0 war axe (freeze)
rCold   . . .      Faith    .    G - +0 kite shield
rNeg    . . .      Spirit   .    t - +0 plate armour
rPois   .          Reflect  .    H - +1 hat {Stlth+}
rElec   .          Harm     .    A - +0 cloak
rCorr   .          Rampage  .    (no gloves)
Will    .....                    (no boots) Stlth
                                 (no amulet)
HPRegen 0.35/turn                l - +5 ring of evasion
MPRegen 0.14/turn                r - +6 ring of strength

@: no status effects
A: horns 2, retaliatory headbutt
a: Renounce Religion, Heroism, Finesse, Duel


You were on level 9 of the Dungeon.
You worshipped Okawaru.
Okawaru was extremely pleased with you.
You visited 2 branches of the dungeon, and saw 10 of its levels.

You collected 469 gold pieces.

Inventory:

Hand Weapons
 a - a +0 war axe of freezing (weapon)
 k - a +0 war axe
 C - a +5 battleaxe
Missiles
 p - a boomerang (quivered)
 u - 24 poisoned darts
 y - 2 throwing nets
 B - a javelin
 D - 6 silver javelins
Armour
 o - a +4 scale mail
 t - a +0 plate armour (worn)
 A - a +0 cloak (worn)
 G - a +0 kite shield (worn)
 H - a +1 hat of stealth (worn)
Jewellery
 l - a +5 ring of evasion (left hand)
 m - a ring of magical power
 r - a +6 ring of strength (right hand)
Wands
 b - a wand of polymorph (13)
 w - a wand of digging (8)
 E - a wand of flame (16)
 F - a wand of acid (7)
Scrolls
 c - a scroll of noise {unknown}
 h - 4 scrolls of teleportation
 n - 2 scrolls of magic mapping
Potions
 d - a potion of might
 e - 2 potions of magic
 f - 7 potions of curing
 g - 3 potions of flight
 i - a potion of heal wounds {unknown}
 j - a potion of attraction {unknown}
 q - 2 potions of haste
 s - 2 potions of lignification {unknown}
 v - 2 potions of cancellation
 x - a potion of mutation {unknown}
 z - 2 potions of brilliance {unknown}
 I - a potion of berserk rage {unknown}


   Skills:
 + Level 8.8 Fighting
 * Level 11.4 Axes
 + Level 6.2 Throwing
 + Level 8.8 Armour
 + Level 8.8 Shields
 + Level 5.8 Invocations


You had 10 spell levels left.
You didn't know any spells.
Your spell library contained the following spells:

 Spells                   Type           Power      Damage    Failure   Level
 Sting                    Tmut/Pois      0%         1d3       100%        1
 Lesser Beckoning         Tloc           0%         N/A       100%        2
 Poisonous Vapours        Pois/Air       0%         N/A       100%        2
 Gell's Gravitas          Tloc           0%         N/A       100%        3
 Ozocubu's Armour         Ice            0%         N/A       100%        3
 Teleport Other           Tloc           0%         N/A       100%        3
 Airstrike                Air            0%         2d(0-16)  100%        4
 Cause Fear               Hex            0%         N/A       100%        4
 Olgreb's Toxic Radiance  Pois           0%         N/A       100%        4
 Lightning Bolt           Conj/Air       0%         1d11      100%        5
 Metabolic Englaciation   Hex/Ice        0%         N/A       100%        5
 Dispersal                Tloc           0%         N/A       100%        6
 Dragon Form              Tmut           0%         N/A       100%        7
 Summon Lightning Spire   Summ/Air       Unusable   N/A       N/A         4
 Simulacrum               Ice/Necr       Unusable   N/A       N/A         6
 Dragon's Call            Summ           Unusable   N/A       N/A         9

Dungeon Overview and Level Annotations

Branches:
Dungeon (9/15)             Temple (1/1) D:4            Lair (0/5) D:8
    Orc: D:9-12

Altars:
Ashenzari
Cheibriados
Dithmenos
Elyvilon
Fedhas
Gozag
Hepliaklqana
Kikubaaqudgha
Makhleb
Nemelex Xobeh
Okawaru
Qazlal
Ru
Sif Muna
Trog
Uskayaw
Vehumet
Wu Jian
Xom
Yredelemnul
Zin
The Shining One

Annotations:
D:3 1 runed translucent door, Crazy Yiuf


Innate Abilities, Weirdness & Mutations

You have a pair of horns on your head.
You reflexively headbutt those who attack you in melee.


Message History

You hit the sun demon. You freeze the sun demon.
You headbutt the sun demon, but do no damage.
The sun demon is moderately wounded.
You barely miss the kobold demonologist.
The kobold demonologist barely misses you.
The sun demon hits you but does no damage.
You hit the sun demon but do no damage. Your headbutt misses the sun demon.
The sun demon is moderately wounded.
You slash the kobold demonologist! You freeze the kobold demonologist.
You block the kobold demonologist's attack.
The sun demon hits you.
You are engulfed in flames!
You hit the sun demon but do no damage.
The sun demon is moderately wounded.
You barely miss the kobold demonologist.
You block the kobold demonologist's attack.
You block the sun demon's attack. The kobold demonologist misses you.
You miss the sun demon. Your headbutt misses the sun demon.
The sun demon is moderately wounded.
You closely miss the howler monkey.
You closely miss the kobold demonologist.
The sun demon hits you but does no damage.
The howler monkey hoots and howls with incredible vigour!
The sun demon barely misses you.
The kobold demonologist mumbles some strange words.
You hear a shout!
You slash the sun demon! You freeze the sun demon! You headbutt the sun demon!
The sun demon is almost dead.
You hit the howler monkey. You freeze the howler monkey.
You completely miss the kobold demonologist.
You block the howler monkey's attack. The sun demon misses you.
The kobold demonologist hits you but does no damage.
You hit the sun demon but do no damage. Your headbutt misses the sun demon.
The sun demon is almost dead.
You hit the kobold demonologist. You freeze the kobold demonologist.
You closely miss the howler monkey.
The howler monkey hits you but does no damage.
The sun demon hits you!!
* * * LOW HITPOINT WARNING * * *
You are engulfed in flames!!
You die...

##....... #####
##........ ##...##
#......... ##.....#
##.........
#......####..........
##....................
#.........####.####...
#.........##...h.##
###.........#...@3..#
............#....K..#
##..............4.......
#..........#.......#...
#.......†..#.......#...
...........##.....## ..
#...........####.###
#............. ...
#.............#


You could see a sun demon (summoned), a kobold demonologist, a red devil
(summoned) and a howler monkey (catching breath).

Vanquished Creatures
  A two-headed ogre (D:9)
  The ghost of Irreverend the Chopper, a novice MiFi (D:6)
  Pikel (D:4)
  The ghost of yumyumyeen the Covert, a novice OpBr (D:5)
  Maggie (D:8)
  A hornet (D:9)
  Sigmund (D:4)
  A shadow (D:9)
  10 yaks
  A steam dragon (D:9)
  3 water moccasins
  2 black bears
  3 orc warriors
  2 ogres
  A centaur (D:5)
  A lemure (D:4)
  Blork the orc (D:4)
  3 phantoms
  The ghost of Sabo the Conjurer, an amateur OpCj (D:3)
  2 kobold brigands
  A bullfrog (D:7)
  A necrophage (D:7)
  5 scorpions
  13 wights
  A water moccasin zombie (D:6)
  5 killer bees (D:8)
  4 howler monkeys
  3 bullfrog zombies (D:6)
  3 jellies
  3 orc priests
  A human zombie (D:6)
  2 hounds
  A gnoll bouda (D:5)
  2 iguanas
  4 orc wizards
  A killer bee zombie (D:6)
  5 mummies
  14 gnolls
  5 adders
  A shadow imp (D:7)
  A white imp (D:7)
  A worm (D:2)
  2 dart slugs
  32 orcs
  9 ball pythons
  10 endoplasms
  3 giant cockroaches
  3 goblins
  2 hobgoblins
  2 quokkas
  2 bats
  4 frilled lizards
  2 hobgoblin zombies (D:8)
  9 kobolds
  A kobold zombie (D:8)
  An orc zombie (D:8)
  6 rats
203 creatures vanquished.

Vanquished Creatures (others)
  8 plants (D:2)
  18 withered plants
26 creatures vanquished.

Grand Total: 229 creatures vanquished

Notes
Turn   | Place    | Note
-------+----------+-------------------------------------------
     0 | D:1      | bmack86 the Minotaur Fighter began the quest for the Orb.
     0 | D:1      | Reached XP level 1. HP: 19/19 MP: 0/0
   178 | D:1      | Reached XP level 2. HP: 27/27 MP: 1/1
   328 | D:1      | Reached skill level 3 in Axes
   737 | D:2      | Reached XP level 3. HP: 30/33 MP: 2/2
  1284 | D:2      | Found a faded altar of an unknown god.
  1504 | D:3      | Reached XP level 4. HP: 40/40 MP: 3/3
  1535 | D:3      | Reached skill level 4 in Axes
  1589 | D:3      | Found a glowing golden altar of the Shining One.
  1702 | D:3      | Found a burning altar of Makhleb.
  1706 | D:3      | Found a sacrificial altar of Ru.
  1724 | D:3      | Identified the +5 rapier of the Endless March {flame, Will+
                  | rCorr Stlth+}
  1774 | D:3      | Found a runed translucent door.
  1774 | D:3      | Noticed Sabo's ghost (amateur OpCj)
  1810 | D:3      | Found a stormy altar of Qazlal.
  1882 | D:3      | Found a bloodstained altar of Trog.
  1882 | D:3      | Found a white marble altar of Elyvilon.
  1891 | D:3      | Found a glowing silver altar of Zin.
  1894 | D:3      | Found a blossoming altar of Fedhas.
  1897 | D:3      | Reached XP level 5. HP: 46/47 MP: 4/4
  1899 | D:3      | Found a shimmering altar of Xom.
  1956 | D:3      | Found a runed translucent door.
  1957 | D:3      | Noticed Crazy Yiuf
  2116 | D:3      | Killed Sabo's ghost
  2117 | D:3      | Reached skill level 1 in Throwing
  2230 | D:4      | Reached skill level 5 in Axes
  2236 | D:4      | Reached XP level 6. HP: 24/55 MP: 5/5
  2254 | D:4      | Found a staircase to the Ecumenical Temple.
  2266 | Temple   | Entered the Ecumenical Temple
  2405 | Temple   | Became a worshipper of Warmaster Okawaru
  2594 | D:4      | Noticed Sigmund
  2625 | D:4      | Killed Sigmund
  2626 | D:4      | Reached skill level 5 in Fighting
  2626 | D:4      | Reached skill level 5 in Armour
  2626 | D:4      | Reached skill level 5 in Shields
  2626 | D:4      | Reached skill level 1 in Invocations
  2825 | D:4      | Noticed Blork the orc
  2835 | D:4      | Killed Blork the orc
  2836 | D:4      | Reached XP level 7. HP: 45/61 MP: 6/6
  2968 | D:4      | Reached skill level 6 in Axes
  3089 | D:4      | Noticed Pikel
  3104 | D:4      | Killed Pikel
  3104 | D:4      | Reached * piety under Okawaru
  3105 | D:4      | Reached XP level 8. HP: 54/70 MP: 8/8
  3760 | D:5      | Entered Level 5 of the Dungeon
  3761 | D:5      | Found a transporter.
  3879 | D:5      | Reached skill level 7 in Axes
  4006 | D:5      | Reached ** piety under Okawaru
  4103 | D:5      | Found a transporter.
  4103 | D:5      | Noticed yumyumyeen's ghost (novice OpBr)
  4127 | D:5      | Killed yumyumyeen's ghost
  4128 | D:5      | Reached skill level 8 in Axes
  4130 | D:5      | Reached XP level 9. HP: 66/78 MP: 8/10
  4348 | D:5      | Reached *** piety under Okawaru
  4880 | D:6      | Found a basalt altar of Yredelemnul.
  4924 | D:6      | Reached skill level 9 in Axes
  5052 | D:6      | Found a runed translucent door.
  5339 | D:6      | Found an ancient bone altar of Kikubaaqudgha.
  5408 | D:6      | Noticed Irreverend's ghost (novice MiFi)
  5535 | D:6      | Killed Irreverend's ghost
  5535 | D:6      | Received a gift from Okawaru
  5536 | D:6      | Reached skill level 5 in Throwing
  5585 | D:7      | Reached XP level 10. HP: 86/86 MP: 12/12
  5742 | D:7      | Reached **** piety under Okawaru
  5913 | D:7      | Reached skill level 10 in Axes
  6428 | D:8      | Noticed Maggie
  6445 | D:8      | Killed Maggie
  6554 | D:8      | Found a staircase to the Lair.
  6720 | D:8      | Reached skill level 5 in Invocations
  6871 | D:8      | Reached ***** piety under Okawaru
  7504 | D:9      | Reached skill level 11 in Axes
  7600 | D:9      | Noticed a two-headed ogre
  7609 | D:9      | Killed a two-headed ogre
  7969 | D:9      | Reached XP level 11. HP: 93/95 MP: 14/14
  8015 | D:9      | Found an opulent altar of Gozag.
  8058 | D:9      | Paralysed by a hornet for 2 turns
  8062 | D:9      | Received a gift from Okawaru
  8361 | D:9      | Found a broken altar of Ashenzari.
  8378 | D:9      | Noticed a sun demon
  8387 | D:9      | Slain by a sun demon

Illustrated notes

Levels and vault maps discovered:
D:1:      dpeg_arrival_stone_temple_mockup, layout_basic,
          dreamdust_princess_corridor
D:2:      layout_basic, shapermc_ecumenical_altar_flowoftime
D:3:      layout_rooms, nicolae_overflow_hallway_of_the_gods,
          nicolae_overflow_hidden_temple, gammafunk_ghost_grave,
          uniq_crazy_yiuf_cottage
D:4:      layout_loops_ring, minmay_temple_entry_stoned_glass, serial_rivers,
          chequers_serial_rivers_micro_d, chequers_serial_rivers_small_3,
          chequers_serial_rivers_micro_a, chequers_serial_rivers_micro_b,
          uniq_pikel, uniq_sigmund, uniq_blork_the_orc
D:5:      layout_loops_ring, gammafunk_ghost_smash
D:6:      layout_basic, lemuel_coloured_pillars_altar,
          lemuel_mausoleum_altar_yredelemnul, gammafunk_ghost_grave
D:7:      layout_gridville
D:8:      layout_basic, lair_entry_dummy, minmay_mini_ossuary, uniq_maggie
D:9:      layout_cave_pods, old_standard_altar,
          nicolae_gozag_cash_rules_everything_around_me
Temple:   grunt_temple_mini_profane

Skill      XL: |  1  2  3  4  5  6  7  8  9 10 |
---------------+-------------------------------+-----
Axes           | 3 4 5 6 8 9 11 | 11.4
Fighting       | 4 5 6 7 8 |  8.8
Armour         | 4 5 6 7 8 |  8.8
Shields        | 4 5 6 7 8 |  8.8
Throwing       | 1 2 3 4 5 6 |  6.2
Invocations    | 1 2 3 4 5 |  5.8

Action                     |  1- 3 |  4- 6 |  7- 9 | 10-12 || total
---------------------------+-------+-------+-------+-------++-------
  Melee: War axe           |    71 |    88 |   188 |   179 ||   526
         Headbutt          |    12 |     9 |    45 |    29 ||    95
  Throw: Boomerang         |       |     5 |     2 |     1 ||     8
 Invoke: Heroism           |       |       |     3 |       ||     3
    Use: Scroll            |     2 |     3 |     5 |     5 ||    15
 Armour: Scale mail        |    29 |    33 |    13 |       ||    75
         Plate armour      |       |       |    61 |    87 ||   148
  Dodge: Dodged            |    50 |    58 |   106 |   118 ||   332
  Block: Buckler           |    15 |    17 |    45 |    17 ||    94
         Kite shield       |       |       |       |    72 ||    72

Table legend: (Time is in decaauts)
 A = Elapsed time spent in this place.
 B = Non-inter-level travel time spent in this place.
 C = Inter-level travel time spent in this place.
 D = Time resting spent in this place.
 E = Time spent auto-exploring this place.
 F = Levels seen in this place.
 G = Mean time per level.
                   A        B        C        D        E       F      G
               +--------+--------+--------+--------+--------+-----+--------+
         Total |   8475 |   8263 |    212 |    368 |   5800 |  10 |  847.5 |
       Dungeon |   8212 |   8021 |    191 |    368 |   5574 |   9 |  912.4 |
        Temple |    263 |    242 |     21 |      0 |    226 |   1 |  263.0 |
               +--------+--------+--------+--------+--------+-----+--------+

Top non-repeatable levels by time:
     D:4: 1306 daAuts
     D:8: 1143 daAuts
     D:9: 974 daAuts
     D:6: 925 daAuts
     D:5: 902 daAuts
     D:3: 826 daAuts
     D:2: 746 daAuts
     D:7: 704 daAuts
     D:1: 681 daAuts
  Temple: 263 daAuts
